 Dungeon Crawl Stone Soup version 0.19.0-24-gb05acd6 (console) character file.

58 CALLOUS the Firebug (level 4, 0/24 HPs)
             Began as a Tengu Fire Elementalist on Nov 21, 2016.
             Was an Initiate of Dithmenos.
             Succumbed to an adder's poison
             ... on level 2 of the Dungeon.
             The game lasted 00:41:33 (3464 turns).

CALLOUS the Firebug (Tengu Fire Elementalist)       Turns: 3464, Time: 00:41:34

Health: 0/24       AC:  2    Str: 12    XL:     4   Next: 1%
Magic:  8/8        EV: 13    Int: 11    God:    Dithmenos [......]
Gold:   44         SH:  0    Dex: 14    Spells: 2 memorised, 3 levels left

rFire  . . .     SeeInvis .     (no weapon)
rCold  . . .     Gourm    .     a - +0 robe
rNeg   . . .     Faith    .     (no shield)
rPois  .         Spirit   .     (helmet restricted)
rElec  .         Reflect  .     (no cloak)
rCorr  .         Harm     .     (no gloves)
MR     .....                    (boots unavailable)
Stlth  ++........               (no amulet)
                                (no ring)
                                (no ring)

@: lethally poisoned (0 -> -4)
A: beak, talons 3, dopey 2, strong 1
a: Renounce Religion


You were on level 2 of the Dungeon.
You worshipped Dithmenos.
Dithmenos was noncommittal.
You were near starving.

You visited 1 branch of the dungeon, and saw 2 of its levels.

You collected 44 gold pieces.

Inventory:

Hand Weapons
 m - a cursed -1 dagger
Missiles
 d - 33 stones (quivered)
 e - 10 poisoned needles
 i - 49 arrows
 n - 6 tomahawks
Armour
 a - a +0 robe (worn)
Scrolls
 f - a scroll of amnesia {unknown}
 g - a scroll of noise {unknown}
 h - 2 scrolls of remove curse {unknown}
Potions
 q - a potion of cancellation
Books
 b - a book of Flames

   Spells                             Type                      Level
   a - Flame Tongue                   Conjuration/Fire             1
   b - Throw Flame                    Conjuration/Fire             2
   c - Conjure Flame                  Conjuration/Fire             3
   d - Inner Flame                    Hexes/Fire                   3
   e - Sticky Flame                   Conjuration/Fire             4
   f - Fireball                       Conjuration/Fire             5
   Dithmenos disapproves of the use of such an item.
Comestibles
 c - 4 bread rations
 k - a meat ration


   Skills:
 * Level 1.9 Armour
 * Level 3.1 Dodging
 + Level 2.3 Stealth
 - Level 2.0 Spellcasting
 * Level 2.1 Conjurations
 - Level 3.5 Fire Magic


You had 3 spell levels left.
You knew the following spells:

 Your Spells              Type           Power        Failure   Level  Hunger
a - Flame Tongue          Conj/Fire      #....        12%         1    ##.....
b - Conjure Flame         Conj/Fire      #.......     30%         3    ####...


Dungeon Overview and Level Annotations

Branches:
Dungeon (2/15)

Altars:
Dithmenos

Annotations:
D:2 1 runed door


Innate Abilities, Weirdness & Mutations

You have a beak for a mouth.
You have claws for feet.
You are very dopey. (Int -4)
Your muscles are strong. (Str +2)


Message History

You peck the adder, but do no damage.
The adder is almost dead.
You feel sick. The adder misses you. The adder bites you.
* * * LOW HITPOINT WARNING * * *
You miss the adder. Your kick misses the adder.
The adder is almost dead.
The adder barely misses you.
You barely miss the adder.
The adder is almost dead.
The adder closely misses you.
You barely miss the adder. You claw the adder, but do no damage.
The adder is almost dead.
* * * LOW HITPOINT WARNING * * *
You feel sick. The adder bites you but does no damage.
You completely miss the adder. Your kick misses the adder.
The adder is severely wounded.
The adder misses you. The adder completely misses you.
You closely miss the adder. Your kick misses the adder.
The adder is severely wounded.
You die...

##### ... .#
#######.# .#
###..(....# .#
#......†.#####.#
......(........#
#.#.S..#.#.#..#####.#
#
###.##.#S##.#.....##
..((...@............
###(.#.#.##.#.#.####
#..#.####.#+#+### ##
#................
#####............
#.....<......
#............
#..........
##........
#.###'#####
#.........#


You could see an adder.

Vanquished Creatures
  A worm (D:2)
  11 bats
  A giant cockroach (D:1)
  7 hobgoblins
  10 jackals
  A quokka (D:2)
  A ball python (D:1)
  4 frilled lizards
  5 goblins (D:1)
  5 kobolds
  5 rats (D:1)
51 creatures vanquished.

Notes
Turn   | Place    | Note
-------+----------+-------------------------------------------
     0 | D:1      | CALLOUS the Tengu Fire Elementalist began the quest for the Orb.
     0 | D:1      | Reached XP level 1. HP: 10/10 MP: 4/4
   332 | D:1      | Reached XP level 2. HP: 15/15 MP: 4/6
   769 | D:1      | Reached skill level 1 in Armour
   884 | D:1      | Gained mutation: You are dopey. (Int -2) [potion of mutation]
   884 | D:1      | Gained mutation: You are very dopey. (Int -4) [potion of mutation]
   884 | D:1      | Gained mutation: Your muscles are strong. (Str +2) [potion of mutation]
  1189 | D:1      | Reached XP level 3. HP: 17/19 MP: 5/7
  1205 | D:1      | Learned a level 3 spell: Conjure Flame
  2089 | D:2      | Found a runed door.
  2878 | D:2      | Found a shadowy altar of Dithmenos.
  2889 | D:2      | Became a worshipper of Dithmenos the Shadowed
  3422 | D:2      | Reached XP level 4. HP: 15/24 MP: 8/8
  3462 | D:2      | HP: 1/24 [poisoned by an adder]
  3464 | D:2      | Succumbed to an adder's poison

Skill      XL: |  1  2  3 |
---------------+----------+-----
Armour         | 1 |  1.9
Conjurations   | 2 |  2.1
Dodging        | 3 |  3.1
Stealth        | |  2.3
Spellcasting   | |  2.0
Fire Magic     | |  3.5

Action                   |  1- 3 |  4- 6 || total
-------------------------+-------+-------++-------
Melee: Unarmed           |   164 |    17 ||   181
       Kick              |    35 |     2 ||    37
       Peck              |    18 |     3 ||    21
Throw: Stone             |   129 |       ||   129
 Cast: Flame Tongue      |    27 |       ||    27
  Use: Potion            |     5 |     1 ||     6
 Stab: Sleeping          |     3 |       ||     3
  Eat: Chunk             |     7 |       ||     7
Armor: Robe              |    30 |     3 ||    33
Dodge: Dodged            |   126 |    11 ||   137
